 Dungeon Crawl Stone Soup version 0.20.1-1-g8b1a95d (webtiles) character file.

34414 cochise the Fencer (level 13, -2/116 HPs)
             Began as a Minotaur Fighter on Sept 14, 2017.
             Was an Elder of Makhleb.
             Slain by a tentacled monstrosity (6 damage)
             ... on level 3 of the Lair of Beasts on Sept 15, 2017.
             The game lasted 03:10:00 (14489 turns).

cochise the Fencer (Minotaur Fighter)              Turns: 14489, Time: 03:10:02

Health: -2/116     AC: 25    Str: 36    XL:     13   Next: 42%
Magic:  12/12      EV: 13    Int:  5    God:    Makhleb [****..]
Gold:   802        SH: 14    Dex: 17    Spells: 4/12 levels left

rFire    . . .     SeeInvis .   W - +0 flail
rCold    . . .     Gourm    .   E - +0 shield
rNeg     . . .     Faith    .   X - +0 plate armour
rPois    +         Spirit   .   (helmet restricted)
rElec    .         Reflect  .   x - +2 cloak
rCorr    .         Harm     .   l - +1 pair of gloves {Str+3}
MR       .....                  C - +2 pair of boots
Stlth    ..........             j - amulet of regeneration
Regen    0.7/turn               o - ring of poison resistance
MPRegen  0.2/turn               b - +4 ring of strength

@: mighty, agile, about to teleport, constricted
A: retaliatory headbutt, horns 2
a: Minor Destruction, Lesser Servant of Makhleb, Major Destruction, Renounce
Religion


You were on level 3 of the Lair of Beasts.
You worshipped Makhleb.
Makhleb was greatly pleased with you.
You were very hungry.

You visited 4 branches of the dungeon, and saw 16 of its levels.
You also visited: Ossuary.

You collected 802 gold pieces.

Inventory:

Hand Weapons
 s - the +3 great sword of the Eggplant {protect, -Tele rN+ MR+}
   (You found it on level 7 of the Dungeon)

   It protects the one who uses it against injury (+AC on strike).
   It protects you from negative energy.
   It affects your resistance to hostile enchantments.
   It prevents most forms of teleportation.
 W - a +0 flail (weapon)
Missiles
 r - 7 poisoned needles (quivered)
Armour
 l - a +1 pair of gloves of strength (worn)
 x - a +2 cloak (worn)
 C - a +2 pair of boots (worn)
 E - a +0 shield (worn)
 X - a +0 plate armour (worn)
Jewellery
 b - a +4 ring of strength (right hand)
 h - an uncursed ring of flight
 j - an amulet of regeneration (around neck)
 m - a +2 ring of dexterity
 o - a ring of poison resistance (left hand)
 y - an uncursed ring of ice
 I - an uncursed ring of protection from magic
Wands
 c - a wand of polymorph (15/24)
 p - a wand of confusion (23/48)
 N - a wand of enslavement (11/24)
 S - a wand of paralysis (7/24)
 U - a wand of flame (26/48)
Scrolls
 e - a scroll of torment {unknown}
 g - 9 scrolls of teleportation
 i - 2 scrolls of amnesia
 n - 5 scrolls of recharging
 t - 2 scrolls of noise {unknown}
 u - 3 scrolls of remove curse
 w - 3 scrolls of identify
 A - a scroll of fear {unknown}
 F - 2 scrolls of magic mapping
 H - a scroll of enchant armour {unknown}
 O - 2 scrolls of enchant weapon
 Q - a scroll of vulnerability {unknown}
 T - 2 scrolls of fog {unknown}
 Y - a scroll of immolation
Potions
 a - a potion of curing
 d - 3 potions of lignification
 k - a potion of invisibility
 q - a potion of flight {unknown}
 v - a potion of cancellation {unknown}
 L - 3 potions of mutation
 P - a potion of brilliance
 R - a potion of agility
Comestibles
 f - 4 bread rations
 B - 12 fruits
 D - 7 meat rations
 J - 7 royal jellies


   Skills:
 + Level 11.6 Fighting
 + Level 16.4 Long Blades
 + Level 6.1 Maces & Flails
 + Level 12.6 Armour
 + Level 4.2 Dodging
 + Level 2.4 Stealth
 + Level 11.6 Shields
 + Level 0.2 Spellcasting
 + Level 0.8 Evocations


You had 4 spell levels left.
You knew the following spells:

 Your Spells              Type           Power        Failure   Level  Hunger
a - Infusion              Chrm           #...         98%         1    ##.....
b - Song of Slaying       Chrm           #.......     99%         2    ###....
c - Regeneration          Chrm/Necr      #.........   100%        3    ####...
d - Shroud of Golubria    Chrm/Tloc      #.........   99%         2    ###....


Dungeon Overview and Level Annotations

Branches:
Dungeon (8/15)             Temple (1/1) D:6            Lair (6/6) D:8
  Swamp (1/4) Lair:3       Spider (0/4) Lair:2        Slime (0/5) Lair:5

Altars:
Ashenzari
Cheibriados
Hepliaklqana
Makhleb
Nemelex Xobeh
Okawaru
Ru
Sif Muna
Trog
Uskayaw
Vehumet
Xom
Yredelemnul


Innate Abilities, Weirdness & Mutations

You reflexively headbutt those who attack you in melee.
You have a pair of horns on your head.


Message History

Okay, then.
Press: ? - help, v - describe, . - travel, g - get item
Here: a tentacled monstrosity (heavily wounded, constricting you, poisoned)
A poisoned needle.
The floor.
You feel agile all of a sudden.
The tentacled monstrosity tentacle-slaps you.
* * * LOW HITPOINT WARNING * * *
The tentacled monstrosity tentacle-slaps you but does no damage.
The tentacled monstrosity tentacle-slaps you.
* * * LOW HITPOINT WARNING * * *
The tentacled monstrosity constricts you.
Your orange demon stings the tentacled monstrosity from afar.
You completely miss the tentacled monstrosity.
You headbutt the tentacled monstrosity!
The tentacled monstrosity is severely wounded.
You block the tentacled monstrosity's attack.
The tentacled monstrosity barely misses you.
The tentacled monstrosity tentacle-slaps you but does no damage.
You die...

...#.............(......P..#..)##
................................#
........................##.....##
..#...#.#...(.#.....(...#..(...#
.###.######.#(.P.........#######
..#### ###..#............# .#.#
#P.....4...(..((..## .###
##..(..(((..(..(...# .##
#...((..X@.(.((.##.# ..#
#..(....(......##### ###
##.(#.......(..##
###........#...#.# #
#....(.......(..## #
#...(.((...(...#.# #
#....((((.....(###
###.#......##### #######.#.#


You could see a tentacled monstrosity and a friendly orange demon.

Vanquished Creatures
  Nessos (Lair:6)
  The ghost of vatarom the Slicer, a journeyman VSAs of Uskayaw (Lair:3)
  3 hydras
  2 catoblepae (Lair:6)
  A two-headed ogre (D:8)
  An alligator (Swamp:1)
  A lindwurm (Lair:6)
  A manticore (Lair:6)
  6 elephants (Lair:4)
  A cyclops (D:7)
  2 black mambas
  9 spiny frogs
  10 komodo dragons
  4 rime drakes
  3 polar bears
  2 hornets
  A jumping spider (Lair:2)
  Grinder (D:3)
  7 blink frogs
  A bog body (Swamp:1)
  8 hippogriffs
  3 slime creatures (Lair:5)
  Sigmund (D:2)
  A redback (Lair:2)
  3 wyverns
  A wraith (Ossuary)
  3 basilisks
  The ghost of cochise the Shield-Bearer, an amateur MiFi (D:3)
  A steam dragon (D:8)
  32 yaks
  3 fire bats (Lair:2)
  4 swamp worms (Swamp:1)
  6 water moccasins
  5 porcupines
  2 orc warriors
  A black bear (Lair:1)
  2 sky beasts (D:7)
  3 ice beasts
  A necrophage (D:8)
  A phantom (D:6)
  7 ogres
  13 crocodiles
  Blork the orc (D:5)
  8 bullfrogs
  3 scorpions
  3 killer bees (D:8)
  3 wights (D:6)
  3 howler monkeys
  2 electric eels
  A bullfrog zombie (D:6)
  3 crimson imps
  2 centaur zombies
  3 hounds
  2 jellies
  Crazy Yiuf (D:2)
  6 orc priests
  3 bullfrog skeletons
  A centaur skeleton (D:8)
  Jessica (D:2)
  11 orc wizards
  Terence (D:2)
  An iguana (D:7)
  5 worker ants
  A killer bee zombie (D:6)
  A hound skeleton (D:5)
  A mummy (Ossuary)
  3 gnolls (D:6)
  6 adders
  An ooze (D:2)
  An adder zombie (D:6)
  2 worms (D:3)
  2 dart slugs
  5 leopard geckos
  43 orcs
  4 giant cockroaches
  6 goblins
  3 hobgoblins (D:2)
  14 jackals
  5 quokkas
  2 ball pythons
  A ball python skeleton (D:4)
  9 bats
  4 frilled lizards
  3 gnoll skeletons (Ossuary)
  A jackal zombie (D:6)
  8 kobolds
  8 kobold skeletons (Ossuary)
  2 leopard gecko skeletons
  14 orc skeletons (Ossuary)
  A quokka skeleton (D:5)
  5 rats
380 creatures vanquished.

Vanquished Creatures (others)
  A rime drake (Lair:6)
  A fungus (Lair:6)
  A plant (Lair:2)
3 creatures vanquished.

Grand Total: 383 creatures vanquished

Notes
Turn   | Place    | Note
-------+----------+-------------------------------------------
     0 | D:1      | cochise the Minotaur Fighter began the quest for the Orb.
     0 | D:1      | Reached XP level 1. HP: 19/19 MP: 0/0
   102 | D:1      | Reached XP level 2. HP: 20/27 MP: 1/1
   628 | D:2      | Reached XP level 3. HP: 26/33 MP: 2/2
   699 | D:2      | Noticed Terence
   704 | D:2      | Noticed Jessica
   707 | D:2      | Killed Terence
   707 | D:2      | Reached skill level 3 in Long Blades
   707 | D:2      | Reached XP level 4. HP: 40/40 MP: 3/3
   720 | D:2      | Killed Jessica
   720 | D:2      | Reached skill level 1 in Dodging
   807 | D:2      | Noticed Sigmund
   831 | D:2      | Killed Sigmund
   831 | D:2      | Reached skill level 4 in Long Blades
   831 | D:2      | Reached skill level 5 in Shields
   831 | D:2      | Reached XP level 5. HP: 19/47 MP: 4/4
   925 | D:2      | Reached XP level 6. HP: 53/53 MP: 5/5
   940 | D:2      | Reached skill level 5 in Armour
  1061 | D:2      | Found a deep blue altar of Sif Muna.
  1064 | D:2      | Found a radiant altar of Vehumet.
  1067 | D:2      | Found a shattered altar of Ashenzari.
  1173 | D:2      | Found a runed door.
  1177 | D:2      | Noticed Crazy Yiuf
  1182 | D:2      | Killed Crazy Yiuf
  1348 | D:3      | Noticed cochise's ghost (amateur MiFi)
  1363 | D:3      | Killed cochise's ghost
  1417 | D:3      | Noticed Grinder
  1428 | D:3      | Killed Grinder
  1428 | D:3      | Reached skill level 5 in Long Blades
  1428 | D:3      | Reached XP level 7. HP: 36/60 MP: 6/6
  2147 | D:4      | Found a sand-covered staircase.
  2473 | D:4      | Reached skill level 6 in Long Blades
  2501 | D:4      | Reached skill level 5 in Fighting
  2663 | Ossuary  | Entered an ossuary
  2663 | Ossuary  | Noticed a wraith
  2663 | Ossuary  | Noticed a wraith
  2663 | Ossuary  | Noticed a wraith
  2801 | Ossuary  | Noticed a wraith
  2828 | Ossuary  | Killed a wraith
  2828 | Ossuary  | Reached XP level 8. HP: 43/68 MP: 7/7
  2931 | D:5      | Entered Level 5 of the Dungeon
  3335 | D:5      | Reached skill level 7 in Long Blades
  3521 | D:5      | Noticed Blork the orc
  3533 | D:5      | Killed Blork the orc
  3650 | D:5      | Noticed a hornet
  3655 | D:5      | Paralysed by a hornet for 1 turns
  3661 | D:5      | Paralysed by a hornet for 1 turns
  3665 | D:5      | Killed a hornet
  3668 | D:5      | Reached skill level 8 in Long Blades
  3964 | D:5      | Found a deep blue altar of Sif Muna.
  4241 | D:6      | Reached XP level 9. HP: 72/75 MP: 8/8
  4384 | D:6      | Found a basalt altar of Yredelemnul.
  4618 | D:6      | Reached skill level 9 in Long Blades
  4642 | D:6      | Found a staircase to the Ecumenical Temple.
  4653 | Temple   | Entered the Ecumenical Temple
  4738 | Temple   | Became a worshipper of Makhleb the Destroyer
  5163 | D:7      | Noticed a cyclops
  5194 | D:7      | Killed a cyclops
  5270 | D:7      | Reached skill level 10 in Long Blades
  5270 | D:7      | Reached skill level 1 in Stealth
  5438 | D:7      | Reached * piety under Makhleb
  5600 | D:7      | Got a faintly glowing great sword
  5982 | D:7      | Reached XP level 10. HP: 77/86 MP: 9/9
  6339 | D:8      | Reached skill level 11 in Long Blades
  6422 | D:8      | Found a staircase to the Lair.
  6615 | D:8      | Reached skill level 10 in Shields
  6666 | D:8      | Noticed a two-headed ogre
  6673 | D:8      | Killed a two-headed ogre
  6794 | D:8      | Reached skill level 12 in Long Blades
  7064 | D:8      | Identified the +3 great sword of the Eggplant {protect, -Tele rN+ MR+} (You found it on level 7 of the Dungeon)
  7073 | Lair:1   | Entered Level 1 of the Lair of Beasts
  7077 | Lair:1   | Reached ** piety under Makhleb
  7085 | Lair:1   | Reached XP level 11. HP: 87/95 MP: 10/10
  7449 | Lair:1   | Reached skill level 13 in Long Blades
  8313 | Lair:2   | Found a hole to the Spider Nest.
  8333 | Lair:2   | Reached skill level 10 in Armour
  8673 | Lair:2   | Got a slimy cloak
  8719 | Lair:2   | Reached skill level 10 in Fighting
  9214 | Lair:3   | Reached skill level 14 in Long Blades
  9393 | Lair:3   | Noticed vatarom's ghost (journeyman VSAs)
  9409 | Lair:3   | Killed vatarom's ghost
  9507 | Lair:3   | Found a staircase to the Swamp.
  9542 | Lair:3   | Reached *** piety under Makhleb
  9624 | Lair:3   | Reached XP level 12. HP: 107/107 MP: 11/11
 10256 | Lair:4   | Reached skill level 15 in Long Blades
 10712 | Lair:5   | Noticed a six-headed hydra
 11282 | Lair:5   | Reached skill level 1 in Maces & Flails
 11296 | Lair:5   | Learned a level 1 spell: Infusion
 11299 | Lair:5   | Learned a level 2 spell: Song of Slaying
 11303 | Lair:5   | Learned a level 3 spell: Regeneration
 11342 | Lair:5   | Killed a six-headed hydra
 11584 | Lair:5   | Found a staircase to the Slime Pits.
 12117 | Lair:6   | Entered Level 6 of the Lair of Beasts
 12123 | Lair:6   | Noticed Nessos
 12351 | Lair:6   | Reached **** piety under Makhleb
 12529 | Lair:6   | Killed Nessos
 12611 | Lair:6   | Reached XP level 13. HP: 116/116 MP: 12/12
 12661 | Lair:6   | Learned a level 2 spell: Shroud of Golubria
 12771 | Lair:6   | Reached skill level 16 in Long Blades
 13278 | Lair:6   | Reached skill level 5 in Maces & Flails
 13376 | Lair:6   | Noticed a dire elephant
 13723 | Swamp:1  | Entered Level 1 of the Swamp
 13904 | Swamp:1  | Noticed a cyan very ugly thing
 13914 | Swamp:1  | Noticed a tentacled monstrosity
 14488 | Lair:3   | HP: 4/116 [tentacled monstrosity (5)]
 14489 | Lair:3   | Slain by a tentacled monstrosity

Skill      XL: |  1  2  3  4  5  6  7  8  9 10 11 12 13 |
---------------+----------------------------------------+-----
Fighting       | 4 5 6 7 8 10 11 | 11.6
Armour         | 4 6 7 8 9 11 12 | 12.6
Shields        | 4 5 6 7 8 9 10 11 | 11.6
Long Blades    | 3 4 5 6 8 10 12 14 15 16 | 16.4
Dodging        | 1 2 3 4 |  4.2
Stealth        | 1 2 |  2.4
Maces & Flails | 4 6 |  6.1
Spellcasting   | |  0.2
Evocations     | |  0.8

Action                   |  1- 3 |  4- 6 |  7- 9 | 10-12 | 13-15 || total
-------------------------+-------+-------+-------+-------+-------++-------
Melee: Long sword        |    73 |    78 |   520 |   148 |       ||   819
       Headbutt          |    11 |    17 |   128 |   195 |    75 ||   426
       Great sword       |       |       |       |   306 |    43 ||   349
       Flail             |       |       |       |   125 |   167 ||   292
Invok: Minor Destruction |       |       |       |       |     1 ||     1
       Lesser Servant of |       |       |       |       |     1 ||     1
Evoke: Wand              |       |       |       |     7 |     4 ||    11
  Use: Potion            |     1 |       |     4 |     7 |    10 ||    22
       Scroll            |       |     1 |    10 |     7 |     6 ||    24
 Stab: Invisible         |       |       |     1 |       |       ||     1
       Paralysed         |       |       |       |       |     8 ||     8
       Petrified         |       |       |       |       |     7 ||     7
  Eat: Chunk             |       |     2 |    10 |    14 |     3 ||    29
       Bread ration      |       |       |     1 |     2 |       ||     3
       Fruit             |       |       |       |       |     3 ||     3
Armor: Scale mail        |    32 |       |       |       |       ||    32
       Chain mail        |    24 |    26 |   222 |       |       ||   272
       Plate armour      |       |       |     7 |   336 |   247 ||   590
Dodge: Dodged            |    34 |    14 |   128 |   253 |   110 ||   539
Block: Shield            |    47 |    39 |   256 |   163 |   187 ||   692
       Rpst.: Long sword |    10 |     3 |    33 |     6 |       ||    52
       Great sword       |       |       |       |    51 |    10 ||    61
